 Dungeon Crawl Stone Soup version 0.30-a0-1016-gfb0d676c02 (webtiles) character file.

Game seed: 6663397021596008589

51373 jasper the Markskobold (level 15, -8/99 HPs)
             Began as a Kobold Hexslinger on Apr 6, 2023.
             Was a High Priest of Okawaru.
             Drowned by a drowned soul (13 damage)
             ... summoned by a merfolk avatar
             ... on level 5 of the Lair of Beasts.
             The game lasted 00:31:44 (19508 turns).

jasper the Markskobold (Kobold Hexslinger)         Turns: 19508, Time: 00:31:45

Health: -8/99      AC: 23    Str:  9    XL:     15   Next: 1%
Magic:  14/21      EV: 25    Int: 15    God:    Okawaru [*****.]
Gold:   832        SH:  0    Dex: 16    Spells: 16/16 levels left

rFire   + . .      SeeInvis .    Q - +1 arbalest (heavy)
rCold   . . .      Faith    +    (shield currently unavailable)
rNeg    . . .      Spirit   .    O - +0 acid dragon scales
rPois   +          Reflect  .    k - +2 helmet
rElec   .          Rampage  +    x - +2 cloak {rCorr}
rCorr   +                        D - +1 pair of gloves of Greed {rPois Str-5 Slay+5}
Will    ++...                    M - +2 pair of boots {rampage}
Stlth   ++++                     i - amulet of faith
HPRegen 0.36/turn                t - ring of protection from fire
MPRegen 0.17/turn                A - ring of willpower

@: heroic, finesse-ful, mesmerised
A: small, no large weapons, nightstalker 3
a: Renounce Religion, Heroism, Finesse, Duel


You were on level 5 of the Lair of Beasts.
You worshipped Okawaru.
Okawaru was extremely pleased with you.
You visited 4 branches of the dungeon, and saw 18 of its levels.

You collected 1329 gold pieces.
You spent 497 gold pieces at shops.

Inventory:

Hand Weapons
 g - a +2 shortbow of flaming
 B - a +0 arbalest
 Q - a +1 heavy arbalest (weapon)
Missiles
 f - 4 throwing nets
Armour
 a - +0 steam dragon scales
 c - a +0 robe
 e - a +0 ring mail
 j - a +0 scale mail
 k - a +2 helmet (worn)
 l - a +0 helmet
 x - a +2 cloak of preservation (worn)
 D - the +1 pair of gloves of Greed (worn) {rPois Str-5 Slay+5}
   (You found it on level 7 of the Dungeon)

   Str:       It affects your strength (-5).
   Slay:      It affects your accuracy & damage with ranged weapons and melee
   (+5).
   rPois:     It protects you from poison.
 K - a +0 pair of gloves
 M - a +2 pair of boots of rampaging (worn)
 O - +0 acid dragon scales (worn)
 P - the +3 scale mail of the Elephant {Will- Str+3 Slay+3}
   (Okawaru gifted it to you on level 11 of the Dungeon)

   Str:       It affects your strength (+3).
   Slay:      It affects your accuracy & damage with ranged weapons and melee
   (+3).
   Will:      It decreases your willpower.
Jewellery
 d - a ring of see invisible
 i - an amulet of faith (around neck)
 p - an amulet of magic regeneration
 t - a ring of protection from fire (left hand)
 A - a ring of willpower (right hand)
 S - a ring of willpower
 T - a ring of willpower
Wands
 o - a wand of mindburst (18)
 r - a wand of flame (23)
 y - a wand of roots (20)
 N - a wand of polymorph (4)
Scrolls
 b - 6 scrolls of poison
 C - a scroll of fear
 E - a scroll of brand weapon
 H - 4 scrolls of blinking
 J - a scroll of immolation
 L - 2 scrolls of fog
 V - 3 scrolls of teleportation
 X - a scroll of magic mapping
Potions
 h - 8 potions of curing
 m - 3 potions of flight
 n - a potion of lignification
 q - a potion of ambrosia
 s - a potion of cancellation
 u - a potion of magic
 v - 5 potions of brilliance
 w - a potion of haste
 z - 2 potions of attraction
 G - 2 potions of degeneration
 I - 2 potions of mutation
 R - a potion of might
Miscellaneous
 W - a tin of tremorstones (2/2)


   Skills:
 - Level 13.3(18.3) Fighting
 + Level 16.5(21.5) Ranged Weapons
 - Level 9.7(14.7) Armour
 - Level 14.6(19.6) Dodging
 - Level 1.1 Spellcasting
 - Level 3.0 Hexes
 - Level 8.0 Invocations
 - Level 0.2 Evocations


You had 16 spell levels left.
You didn't know any spells.
Your spell library contained the following spells:

 Spells                   Type           Power      Damage    Failure   Level
 Slow                     Hex            36%        N/A       10%         1
 Ensorcelled Hibernation  Hex/Ice        10%        N/A       28%         2
 Beastly Appendage        Tmut           0%         N/A       34%         1
 Sting                    Tmut/Pois      0%         1d3       34%         1
 Blink                    Tloc           0%         N/A       45%         2
 Lesser Beckoning         Tloc           0%         N/A       45%         2
 Momentum Strike          Conj/Tloc      0%         3d8       45%         2
 Poisonous Vapours        Pois/Air       0%         N/A       45%         2
 Wereblood                Tmut           0%         N/A       45%         2
 Inner Flame              Hex/Fire       5%         N/A       50%         3
 Portal Projectile        Hex/Tloc       10%        N/A       50%         3
 Cause Fear               Hex            4%         N/A       69%         4
 Ignite Poison            Fire/Tmut/Pois 0%         N/A       71%         3
 Spider Form              Tmut/Pois      0%         N/A       71%         3
 Anguish                  Hex/Necr       2%         N/A       88%         4
 Manifold Assault         Tloc           0%         N/A       98%         4
 Olgreb's Toxic Radiance  Pois           0%         N/A       98%         4
 Sticky Flame             Conj/Fire      0%         2d3       98%         4
 Storm Form               Tmut/Air       0%         N/A       100%        7
 Ignition                 Fire           0%         3d3       100%        8


Dungeon Overview and Level Annotations

Branches:
Dungeon (11/15)            Temple (1/1) D:5            Lair (5/5) D:11
 Shoals (0/4) Lair:3       Spider (1/4) Lair:2        Slime (0/5) Lair:4
    Orc (0/2) D:10

Altars:
Ashenzari
Cheibriados
Dithmenos
Elyvilon
Fedhas
Gozag
Hepliaklqana
Kikubaaqudgha
Makhleb
Nemelex Xobeh
Okawaru
Qazlal
Ru
Sif Muna
Trog
Uskayaw
Vehumet
Wu Jian
Xom
Yredelemnul
Zin
The Shining One
Jiyva

Shops:
D:4 !   D:8 :   D:10 ([

Annotations:
D:4 1 transporter, Demosthentine's ghost, amateur DsGl
D:5 Pikel
D:7 3 runed translucent doors, jasper's ghost, novice DsCA


Innate Abilities, Weirdness & Mutations

You are small and have problems with some larger weapons.
You are completely attuned to the shadows.


Message History

You shoot a bolt. The bolt hits the seven-headed hydra!
You kill the seven-headed hydra!
Okawaru accepts your kill.
The pull of its song draws you forwards.
Found three items.
The merfolk avatar chants its luring song.
The drowned soul touches you. The drowned soul drowns you!
You have reached level 15!
Your experience leads to an increase in your attributes!
Your base attributes are Str 11, Int 15, Dex 16.
Increase (S)trength, (I)ntelligence, or (D)exterity?
You feel stronger. x3
You take 9 damage, and have 30/99 hp.
The drowned soul touches you. The drowned soul drowns you!
* * * LOW HITPOINT WARNING * * *
The merfolk avatar chants its luring song. x2
You take 9 damage, and have 21/99 hp.
Fire: Q) +1 arbalest (heavy)
Press: ? - help, Q - select action, (/) - cycle Shift-Dir - straight line, f/p - merfolk avatar
Aim: a merfolk avatar (moderately wounded, mesmerising, 72% to hit)
You shoot a bolt. The bolt hits the merfolk avatar!!
The merfolk avatar is heavily wounded.
The merfolk avatar chants its luring song.
Found 3 atropa-tipped darts and a potion of heal wounds.
The pull of its song draws you forwards.
Found 12 gold pieces and a scroll of fear.
The pull of its song draws you forwards.
Found 2 potions of haste, a potion of heal wounds and a scroll of poison.
The drowned soul touches you. The drowned soul drowns you!
* * * LOW HITPOINT WARNING * * *
The merfolk avatar chants its luring song.
You take 16 damage, and have 5/99 hp.
Okay, then.
Fire: Q) +1 arbalest (heavy)
Press: ? - help, Q - select action, (/) - cycle Shift-Dir - straight line, f/p - merfolk avatar
Aim: a merfolk avatar (heavily wounded, mesmerising, 72% to hit)
You shoot a bolt. The bolt hits the merfolk avatar!
The merfolk avatar is severely wounded.
The drowned soul touches you. The drowned soul drowns you!
You die...

......~~~
~~~~.~~#~#P.~~~~~~~~.~~
####....##~#####~##~
#⌠~~.~~.~~⌠#~~~#~##. .~
#~~~~#~~~.~#~~.~~~~~
~~~#~~~~.~~~~~#.~.~~.~.
~#~#~8######8##)~~~~~#.
~~~~~~#(!$! .~#~~~#.##.
~.~.~~.)≈≈? .~.~~~~~~.
~~~~~~@m≈≈! .##~~~~.~~
.~~~~~#!:?! ~~~#~##~
~#~#~8##### ~~~~~#~.
~~#.~. ~P.~P~~~ .~~
~~~~.


You could see a merfolk avatar (mesmerising).

Vanquished Creatures
  5 hydras
  2 catoblepae
  Erica (Lair:2)
  15 death yaks
  2 two-headed ogres (D:11)
  2 skysharks
  2 sea snakes (Lair:5)
  A salamander (Lair:5)
  3 torpor snails
  10 black mambas
  16 cane toads
  12 komodo dragons
  7 rime drakes
  3 unseen horror zombies (D:7)
  2 kobold demonologists
  Psyche (D:11)
  3 trolls
  2 wind drakes
  A polar bear (Lair:5)
  Grinder (D:6)
  A hornet (Lair:5)
  A dream sheep (Lair:5)
  2 snapping turtles
  A shadow (D:11)
  43 yaks
  A wraith (D:11)
  6 wyverns
  3 basilisks
  Eustachio (D:5)
  4 steam dragons
  3 vampire mosquitoes (D:10)
  2 acid dragons
  10 water moccasins
  Duvessa (D:7)
  2 ice beasts
  4 black bears
  A hornet zombie (D:7)
  7 orc warriors
  2 sky beasts
  2 ogres
  14 wolves
  7 centaurs
  2 phantoms
  4 lemures (D:5)
  3 kobold brigands
  8 bullfrogs
  8 scorpions
  A wyvern zombie (D:7)
  11 wights (D:7)
  Dowan (D:7)
  5 howler monkeys
  2 electric eels (Lair:5)
  4 centaur zombies (D:7)
  A bullfrog zombie (D:7)
  2 lava snakes (Lair:3)
  2 hounds
  3 orc priests
  2 gnoll boudas
  A jelly (D:6)
  3 iguanas
  A sleepcap (D:5)
  19 orc wizards
  2 killer bee zombies (D:7)
  2 howler monkey zombies (D:7)
  Robin (D:2)
  10 adders
  14 gnolls
  3 white imps
  An ufetubus (D:4)
  5 worms
  2 dart slugs (D:2)
  40 orcs
  6 bats
  9 endoplasms
  5 giant cockroaches
  14 goblins
  11 hobgoblins
  3 jackals (D:1)
  14 kobolds
  5 quokkas
  8 ball pythons
  5 frilled lizards
  4 rats
456 creatures vanquished.

Vanquished Creatures (others)
  An orc (D:7)
  A bush (Lair:5)
  38 fungi
  58 plants
  3 withered plants (D:7)
101 creatures vanquished.

Grand Total: 557 creatures vanquished

Notes
Turn   | Place    | Note
-------+----------+-------------------------------------------
     0 | D:1      | jasper the Kobold Hexslinger began the quest for the Orb.
     0 | D:1      | Reached XP level 1. HP: 12/12 MP: 2/2
    92 | D:1      | Reached skill level 3 in Ranged Weapons
   127 | D:1      | Reached XP level 2. HP: 16/16 MP: 3/3
   445 | D:1      | Reached XP level 3. HP: 21/21 MP: 4/4
   985 | D:2      | Reached skill level 4 in Ranged Weapons
  1157 | D:2      | Reached XP level 4. HP: 26/26 MP: 5/5
  1326 | D:2      | Noticed Robin
  1345 | D:2      | Killed Robin
  1362 | D:2      | Reached XP level 5. HP: 16/31 MP: 6/6
  1492 | D:2      | Found a faded altar of an unknown god.
  1549 | D:2      | Reached skill level 5 in Ranged Weapons
  2024 | D:2      | Identified a scroll of acquirement
  2024 | D:2      | Acquired a +2 shortbow of draining
  2689 | D:3      | Reached XP level 6. HP: 37/37 MP: 7/7
  2781 | D:3      | Reached skill level 6 in Ranged Weapons
  3035 | D:4      | Found a transporter.
  3162 | D:4      | Noticed a black bear
  3211 | D:4      | Killed a black bear
  3212 | D:4      | Reached XP level 7. HP: 41/41 MP: 8/8
  3246 | D:4      | Reached skill level 7 in Ranged Weapons
  3374 | D:4      | Found Arizuacs's Distillery.
  3379 | D:4      | Bought a potion of cancellation for 112 gold pieces
  3379 | D:4      | Bought 2 potions of curing for 84 gold pieces
  3440 | D:4      | Noticed Demosthentine's ghost (amateur DsGl)
  3705 | D:5      | Entered Level 5 of the Dungeon
  3709 | D:5      | Reached skill level 5 in Dodging
  3775 | D:5      | Reached skill level 8 in Ranged Weapons
  3996 | D:5      | Reached XP level 8. HP: 48/48 MP: 9/9
  4138 | D:5      | Reached skill level 9 in Ranged Weapons
  4344 | D:5      | Identified the +1 robe of Compression {Harm Rampage Int+3
                  | Slay-6}
  4582 | D:5      | Found a staircase to the Ecumenical Temple.
  4605 | D:5      | Noticed Pikel
  4635 | Temple   | Entered the Ecumenical Temple
  4757 | Temple   | Became a worshipper of Warmaster Okawaru
  4943 | D:6      | Noticed Eustachio
  4989 | D:5      | Killed Eustachio
  4990 | D:5      | Reached skill level 10 in Ranged Weapons
  5105 | D:6      | Found a burning altar of Makhleb.
  5237 | D:6      | Found a sparkling altar of Nemelex Xobeh.
  5294 | D:6      | Reached skill level 11 in Ranged Weapons
  5359 | D:6      | Reached * piety under Okawaru
  5360 | D:6      | Reached XP level 9. HP: 50/52 MP: 10/10
  5376 | D:6      | Reached skill level 1 in Invocations
  5382 | D:6      | Noticed Grinder
  5396 | D:6      | Killed Grinder
  5514 | D:6      | Reached skill level 12 in Ranged Weapons
  5870 | D:6      | Found a shimmering blue altar of Sif Muna.
  6024 | D:6      | Reached skill level 13 in Ranged Weapons
  6317 | D:6      | Reached ** piety under Okawaru
  6380 | D:7      | Reached skill level 14 in Ranged Weapons
  6635 | D:7      | Reached XP level 10. HP: 58/58 MP: 12/12
  6768 | D:7      | Reached skill level 15 in Ranged Weapons
  7090 | D:7      | Reached skill level 16 in Ranged Weapons
  7196 | D:7      | Noticed Dowan
  7204 | D:7      | Reached *** piety under Okawaru
  7208 | D:7      | Reached skill level 1 in Armour
  7214 | D:7      | Killed Dowan
  7215 | D:7      | Reached skill level 5 in Fighting
  7220 | D:7      | Noticed Duvessa
  7239 | D:7      | Killed Duvessa
  7389 | D:7      | Noticed jasper's ghost (novice DsCA)
  7390 | D:7      | Found a runed translucent gate.
  7430 | D:7      | Identified the +1 pair of gloves of Greed {rPois Str-5
                  | Slay+5}
  7536 | D:7      | Found a runed translucent gate.
  7536 | D:7      | Found a runed translucent gate.
  7866 | D:8      | Reached skill level 5 in Invocations
  7988 | D:8      | Identified the +0 war axe of Interdependent Arising {chaos,
                  | rPois rF+ rC++}
  8021 | D:8      | Found a radiant altar of Vehumet.
  8121 | D:8      | Reached XP level 11. HP: 64/64 MP: 14/14
  8131 | D:8      | Reached **** piety under Okawaru
  8211 | D:8      | Found a white marble altar of Elyvilon.
  8374 | D:8      | Found Piracwar's Book Shoppe.
  8746 | D:9      | Noticed a sixfirhy
  9119 | D:10     | Entered Level 10 of the Dungeon
  9154 | D:10     | Reached ***** piety under Okawaru
  9680 | D:10     | Found Jar Lorous's Weapon Emporium.
  9692 | D:10     | Found a staircase to the Orcish Mines.
  9695 | D:10     | Found Dybutt's Armour Emporium.
  9712 | D:10     | Bought a +2 pair of boots of rampaging for 301 gold pieces
 10298 | D:11     | Noticed Psyche
 10300 | D:11     | Killed Psyche
 10801 | D:11     | Noticed a two-headed ogre
 10804 | D:11     | Killed a two-headed ogre
 10804 | D:11     | Identified the +3 scale mail of the Elephant {Will- Str+3
                  | Slay+3} (Okawaru gifted it to you on level 11 of the
                  | Dungeon)
 10804 | D:11     | Received a gift from Okawaru
 10942 | D:11     | Reached XP level 12. HP: 73/73 MP: 17/17
 10999 | D:11     | Found a staircase to the Lair.
 11160 | D:11     | Noticed a two-headed ogre
 11166 | D:11     | Killed a two-headed ogre
 11614 | Lair:1   | Entered Level 1 of the Lair of Beasts
 11868 | Lair:1   | Reached skill level 5 in Armour
 12159 | Lair:1   | Noticed a death yak
 12160 | Lair:1   | Noticed a death yak
 12175 | Lair:1   | Killed a death yak
 12175 | Lair:1   | Noticed a death yak
 12175 | Lair:1   | Noticed a death yak
 12175 | Lair:1   | Noticed a death yak
 12177 | Lair:1   | Noticed a death yak
 12194 | Lair:1   | Killed a death yak
 12195 | Lair:1   | Reached skill level 10 in Dodging
 12210 | Lair:1   | Killed a death yak
 12217 | Lair:1   | Killed a death yak
 12224 | Lair:1   | Killed a death yak
 12231 | Lair:1   | Killed a death yak
 12523 | Lair:1   | Identified the +1 chain mail "Ysuwa" {+Blink rPois Dex+2}
                  | (Okawaru gifted it to you on level 1 of the Lair of Beasts)
 12523 | Lair:1   | Received a gift from Okawaru
 13399 | Lair:2   | Noticed a seven-headed hydra
 13401 | Lair:2   | Noticed an eight-headed hydra
 13416 | Lair:2   | Killed an eight-headed hydra
 13417 | Lair:2   | Reached XP level 13. HP: 46/82 MP: 11/19
 13425 | Lair:2   | Killed a seven-headed hydra
 13426 | Lair:2   | Reached skill level 10 in Fighting
 13622 | Lair:2   | Noticed a seven-headed hydra
 13630 | Lair:2   | Killed a seven-headed hydra
 13767 | Lair:2   | Found a hole to the Spider Nest.
 13831 | Lair:2   | Noticed Erica
 13839 | Lair:2   | Killed Erica
 14925 | Spider:1 | Entered Level 1 of the Spider Nest
 15016 | Lair:3   | Found a shimmering blue altar of Sif Muna.
 15734 | Lair:3   | Found a staircase to the Shoals.
 15920 | Lair:3   | Noticed a catoblepas
 15969 | Lair:3   | Killed a catoblepas
 15970 | Lair:3   | Reached XP level 14. HP: 27/91 MP: 13/20
 16493 | Lair:4   | Identified the +2 triple crossbow of the Asp {antimagic,
                  | Fly} (Okawaru gifted it to you on level 4 of the Lair of
                  | Beasts)
 16493 | Lair:4   | Received a gift from Okawaru
 17021 | Lair:4   | Found a staircase to the Slime Pits.
 17021 | Lair:4   | Found a viscous altar of Jiyva.
 18058 | Lair:5   | Entered Level 5 of the Lair of Beasts
 18292 | Lair:5   | Received a gift from Okawaru
 19190 | Lair:5   | Received a gift from Okawaru
 19505 | Lair:5   | Reached XP level 15. HP: 30/99 MP: 14/21
 19508 | Lair:5   | Drowned by a drowned soul

Illustrated notes

Levels and vault maps discovered:
D:1:      nzn_arrival_settlement, layout_basic
D:2:      minmay_general_purpose_star, layout_loops_ring,
          basic_ecumenical_altar, uniq_robin
D:3:      layout_loops_ring, minmay_ruptured
D:4:      layout_rooms, serial_shops, nicolae_shop_competitors_out_of_business,
          gammafunk_ghost_mausoleum, hangedman_abyss_or_decor_stagger
D:5:      layout_rooms, temple_pool_b, dreamdust_princess_corridor,
          minmay_crossroads, uniq_pikel
D:6:      layout_rooms, nemelex_altar_shiori, mainiacjoe_overflow_divided_tiny,
          uniq_grinder, uniq_eustachio
D:7:      layout_cave_pools, gammafunk_ghost_nasty_kobolds, serial_undead,
          serial_undead_e, serial_undead_c, serial_undead_b, serial_undead_c,
          serial_undead_b, serial_undead_f, serial_undead_f, serial_undead_c,
          serial_undead_b, serial_undead_f, minmay_tree_intersection,
          minmay_misc_feat_diagonals, uniq_duvessa
D:8:      layout_cave_pools, marbit_many_paths, mainiacjoe_overflow_alcove_4,
          serial_shops, shop_coins, serial_column_ruins, column_ruins_hut,
          column_ruins_square_medium, column_ruins_grid_1,
          column_ruins_open_tiny, column_ruins_open_small,
          column_ruins_columns_dead_end, column_ruins_grid_1
D:9:      layout_long_grid
D:10:     layout_basic, orc_david_3, columned_hall_lemuel
D:11:     layout_long_grid, lair_entry_dummy, uniq_psyche
Temple:   minmay_crystal_spiral_temple
Lair:1:   gammafunk_indiana_jones, layout_layer_cave
Lair:2:   layout_small_grid, nicolae_spider_entry_non_spiders,
          serial_bayou_shore_b, grunt_megastairs_1, uniq_erica
Lair:3:   layout_gridlike, minmay_shoals_entry_hut, basic_altar,
          lemuel_fruit_tree
Lair:4:   layout_hall_layers, slime_entry_1
Lair:5:   gammafunk_lair_ancient_temple, layout_gridlike
Spider:1: layout_cave_pods, nicolae_spider_undead_wolf_pack

Skill      XL: |  1  2  3  4  5  6  7  8  9 10 11 12 13 14 |
---------------+-------------------------------------------+-----
Ranged Weapons | 3 4 5 6 8 11 14 16 | 16.5
Dodging        | 3 4 5 6 8 10 13 14 | 14.6
Fighting       | 2 3 4 5 7 9 11 13 | 13.3
Invocations    | 3 5 7 8 |  8.0
Armour         | 2 4 6 8 9 |  9.7
Spellcasting   | |  1.1
Hexes          | |  3.0
Evocations     | |  0.2

Action                     |  1- 3 |  4- 6 |  7- 9 | 10-12 | 13-15 || total
---------------------------+-------+-------+-------+-------+-------++-------
  Melee: Unarmed           |       |       |     2 |       |       ||     2
   Fire: Sling             |   104 |    69 |       |       |       ||   173
         Shortbow          |       |    61 |   368 |   636 |   738 ||  1803
         Arbalest          |       |       |       |       |    40 ||    40
 Invoke: Heroism           |       |       |     1 |     4 |     7 ||    12
         Finesse           |       |       |       |     2 |     7 ||     9
  Evoke: Tin of tremorston |       |       |       |       |     1 ||     1
    Use: Scroll            |     3 |     7 |     3 |     2 |     9 ||    24
         Potion            |       |     1 |     3 |     3 |     2 ||     9
 Armour: Ring mail         |    29 |    28 |    99 |       |       ||   156
         Steam dragon scal |       |       |     1 |    64 |       ||    65
         Acid dragon scale |       |       |       |    42 |   157 ||   199
  Dodge: Dodged            |    48 |    60 |   237 |   294 |   374 ||  1013
  Block: Buckler           |    18 |     6 |       |       |       ||    24

Table legend: (Time is in decaauts)
 A = Elapsed time spent in this place.
 B = Non-inter-level travel time spent in this place.
 C = Inter-level travel time spent in this place.
 D = Time resting spent in this place.
 E = Time spent auto-exploring this place.
 F = Levels seen in this place.
 G = Mean time per level.
                   A        B        C        D        E       F      G
               +--------+--------+--------+--------+--------+-----+--------+
         Total |  19316 |  18379 |    937 |   1149 |  14199 |  18 | 1073.1 |
       Dungeon |  11422 |  10771 |    651 |    902 |   7941 |  11 | 1038.4 |
        Temple |    207 |    123 |     84 |      0 |    102 |   1 |  207.0 |
          Lair |   7685 |   7484 |    201 |    246 |   6155 |   5 | 1537.0 |
   Spider Nest |      1 |      1 |      0 |      0 |      0 |   1 |    1.0 |
               +--------+--------+--------+--------+--------+-----+--------+

Top non-repeatable levels by time:
  Lair:4: 1829 daAuts
  Lair:1: 1683 daAuts
  Lair:2: 1539 daAuts
  Lair:3: 1490 daAuts
     D:7: 1477 daAuts
     D:5: 1265 daAuts
    D:10: 1260 daAuts
     D:2: 1234 daAuts
    D:11: 1195 daAuts
  Lair:5: 1143 daAuts
     D:6: 1137 daAuts
     D:3: 1003 daAuts
     D:1: 907 daAuts
     D:4: 666 daAuts
     D:9: 665 daAuts
